 Dungeon Crawl Stone Soup version 0.21-a0-504-g2eda330 (webtiles) character file.

141 vineage the Slasher (level 5, -1/41 HPs)
             Began as a Demonspawn Berserker on Nov 25, 2017.
             Was a Follower of Trog.
             Slain by a big kobold
             ... wielding a +0 short sword
              (2 damage)
             ... in a sewer.
             The game lasted 00:03:21 (2054 turns).

vineage the Slasher (Demonspawn Berserker)          Turns: 2054, Time: 00:03:21

Health: -1/41      AC:  9    Str: 18    XL:     5   Next: 3%
Magic:  0/5        EV: 12    Int:  9    God:    Trog [*.....]
Gold:   146        SH:  0    Dex: 12    Spells: 4/4 levels left

rFire    . . .     SeeInvis .   a - +0 falchion
rCold    + . .     Gourm    .   (no shield)
rNeg     . . .     Faith    .   b - +0 animal skin
rPois    .         Spirit   +   o - +0 helmet
rElec    .         Reflect  .   w - scarf {Spirit}
rCorr    +         Harm     .   (no gloves)
MR       .....                  (no boots)
Stlth    +.........             s - amulet of rage
HPRegen  0.13/turn              q - ring of resist corrosion
MPRegen  0.09/turn              (no ring)

@: sanguine armour, very slow
A: cold resistance 1, nightstalker 1, sanguine armour 1
a: Berserk, Burn Spellbooks, Renounce Religion, Evoke Berserk Rage


You were in a sewer.
You worshipped Trog.
Trog was aware of your devotion.
You were very hungry.

You visited 1 branch of the dungeon, and saw 3 of its levels.
You also visited: Sewer.

You collected 146 gold pieces.

Inventory:

Hand Weapons
 a - a +0 falchion (weapon)
Armour
 b - a +0 animal skin (worn)
 o - a +0 helmet (worn)
 w - a scarf of spirit shield (worn)
Jewellery
 q - a ring of resist corrosion (left hand)
 s - an amulet of rage (around neck)
Scrolls
 e - a scroll of amnesia {unknown}
 f - a scroll of immolation {unknown}
 g - a scroll of fear {unknown}
 h - a scroll of magic mapping {unknown}
 k - a scroll of random uselessness {unknown}
 n - a scroll of remove curse {unknown}
 p - 2 scrolls of identify {unknown}
 r - a scroll of enchant armour {unknown}
 t - a scroll of enchant weapon {unknown}
Potions
 d - a potion of heal wounds {unknown}
 i - a potion of agility {unknown}
 l - a potion of might {unknown}
 m - 2 potions of flight {unknown}
 u - a potion of curing {unknown}
 v - 2 potions of magic {unknown}
Comestibles
 c - 2 bread rations
 j - a royal jelly


   Skills:
 - Level 3.0 Fighting
 + Level 5.2 Long Blades
 - Level 1.7 Armour
 - Level 1.7 Dodging


You had 4 spell levels left.
You didn't know any spells.

Dungeon Overview and Level Annotations

Branches:
Dungeon (3/15)

Altars:

Annotations:
D:3 1 runed door


Innate Abilities, Weirdness & Mutations

Your flesh is cold resistant. (rC+)
You are slightly more attuned to the shadows.
When seriously injured, your bleeding wounds create armour. (AC +6)


Message History

You barely miss the big kobold.
The big kobold is lightly wounded.
The big kobold splashes around in the water.
Your unstable footing causes you to fumble your attack.
The big kobold closely misses you.
Your unstable footing causes you to fumble your attack.
The big kobold splashes around in the water.
Your unstable footing causes you to fumble your attack.
The big kobold hits you with a short sword.
* * * LOW HITPOINT WARNING * * *
You hit the big kobold but do no damage.
The big kobold is lightly wounded.
The big kobold hits you but does no damage.
You hit the big kobold but do no damage.
The big kobold is lightly wounded.
The big kobold hits you but does no damage.
You barely miss the big kobold.
The big kobold is lightly wounded.
The big kobold hits you with a short sword.
You die...

#.≈≈#
##.≈.##
#≈..)(#
#≈###(#
#(# #.#
##(###≈##
#≈(≈#.≈≈#
#K#≈#÷#≈#
#@#≈#≈#≈#
#≈#K#≈#≈#
#.#.#.#.#
#########


You could see a big kobold.

Vanquished Creatures
  A big kobold (Sewer)
  2 worms
  A dart slug (D:1)
  3 leopard geckos
  4 orcs (D:3)
  7 bats
  5 giant cockroaches
  6 goblins
  4 hobgoblins
  2 jackals (D:1)
  A quokka (D:2)
  A ball python (Sewer)
  4 frilled lizards
  5 kobolds
  9 rats
55 creatures vanquished.

Vanquished Creatures (others)
  7 toadstools (D:3)
7 creatures vanquished.

Grand Total: 62 creatures vanquished

Notes
Turn   | Place    | Note
-------+----------+-------------------------------------------
     0 | D:1      | vineage the Demonspawn Berserker began the quest for the Orb.
     0 | D:1      | Reached XP level 1. HP: 18/18 MP: 1/1
    99 | D:1      | Reached skill level 3 in Long Blades
   107 | D:1      | Gained mutation: When seriously injured, your bleeding wounds create armour. (AC +6) [demonic ancestry]
   107 | D:1      | Reached XP level 2. HP: 3/24 MP: 2/2
   666 | D:1      | Reached XP level 3. HP: 27/29 MP: 3/3
   980 | D:2      | Reached skill level 4 in Long Blades
  1692 | D:3      | Found a runed door.
  1746 | D:3      | Found a glowing drain.
  1750 | Sewer    | Entered a sewer
  1768 | Sewer    | Noticed a big kobold
  1790 | Sewer    | Killed a big kobold
  1790 | Sewer    | Reached skill level 5 in Long Blades
  1790 | Sewer    | Gained mutation: You are slightly more attuned to the shadows. [demonic ancestry]
  1790 | Sewer    | Reached XP level 4. HP: 11/35 MP: 1/4
  1790 | Sewer    | Gained mutation: Your flesh is cold resistant. (rC+) [demonic ancestry]
  1790 | Sewer    | Reached XP level 5. HP: 12/41 MP: 1/5
  2040 | Sewer    | HP: 1/41 [worm (6)]
  2051 | Sewer    | HP: 1/41 [big kobold/short sword (2)]
  2054 | Sewer    | Slain by a big kobold

Vault maps used:
D:1:      sevenhm_arrival_forest_fort_large_1, serial_park_tiny_1
D:2:      cheibrodos_helix_gallery
D:3:      cheibrodos_fertilizer, gup_sewer_entry_bowl, first_bread,
          minmay_misc_feat_five, uniq_crazy_yiuf_cottage, uniq_natasha
Sewer:    sewer_co_tree

Skill      XL: |  1  2  3 |
---------------+----------+-----
Long Blades    | 3 5 |  5.2
Fighting       | |  3.0
Armour         | |  1.7
Dodging        | |  1.7

Action                   |  1- 3 |  4- 6 || total
-------------------------+-------+-------++-------
Melee: Falchion          |   151 |    31 ||   182
Invok: Berserk           |     1 |       ||     1
 Stab: Sleeping          |     1 |       ||     1
  Eat: Chunk             |     4 |       ||     4
Armor: Animal skin       |    33 |    11 ||    44
Dodge: Dodged            |   118 |    19 ||   137
       Rpst.: Falchion   |    50 |     3 ||    53

Table legend:
 A = Spawn XP
 B = Non-spawn XP
 C = Spawn XP percentage of total XP
 D = Spawn monster count
 E = Non-spawn monster count
 F = Spawn count percentage of total count
 G = Total turns spent on level
                    A         B        C        D         E        F      G
               +---------+---------+-------+---------+---------+-------+---------
         Total |       0 |     202 |   0.0 |       0 |      55 |   0.0 |  2054
               +---------+---------+-------+---------+---------+-------+---------
           D:1 |       0 |      51 |   0.0 |       0 |      30 |   0.0 |   976
           D:2 |       0 |      28 |   0.0 |       0 |      14 |   0.0 |   474
           D:3 |       0 |      17 |   0.0 |       0 |       8 |   0.0 |   300
         Sewer |       0 |     106 |   0.0 |       0 |       3 |   0.0 |   304
               +---------+---------+-------+---------+---------+-------+---------
